 Dungeon Crawl Stone Soup version 0.30.0-5-g1a98f26d00 (webtiles) character file.

Game seed: 3263278818355253905

192 hogiebunz the Cudgeller (level 5, 0/48 HPs)
             Began as a Minotaur Monk on May 9, 2023.
             Was a Believer of Trog.
             Slain by Menkaure (8 damage)
             ... on level 4 of the Dungeon.
             The game lasted 00:06:33 (2523 turns).

hogiebunz the Cudgeller (Minotaur Monk)             Turns: 2523, Time: 00:06:34

Health: 0/48       AC: 11    Str: 17    XL:     5   Next: 42%
Magic:  4/4        EV: 11    Int:  7    God:    Trog [**....]
Gold:   95         SH:  0    Dex: 13    Spells: 4/4 levels left

rFire   . . .        q - +2 hammer (holy)
rCold   . . .        d - orb {light}
rNeg    . . .        o - +4 scale mail {rPois}
rPois   +            (helmet restricted)
rElec   .            (no cloak)
rCorr   .            (no gloves)
SInv    .            e - +0 pair of boots
Will    .....        (no amulet) Stlth
                     m - ring of flight
HPRegen 0.28/turn    (no ring)
MPRegen 0.09/turn

%: no passive effects
@: flying, glowing
A: horns 2, retaliatory headbutt
a: Renounce Religion, Berserk, Trog's Hand


You were on level 4 of the Dungeon.
You worshipped Trog.
Trog was pleased with you.
You visited 1 branch of the dungeon, and saw 4 of its levels.

You collected 95 gold pieces.

Inventory:

Hand Weapons
 a - a +0 mace
 p - a +4 quarterstaff of chaos
 q - a +2 hammer of holy wrath (weapon)
Missiles
 f - 9 boomerangs (quivered)
Armour
 b - a +0 robe
 d - an orb of light (worn)
 e - a +0 pair of boots (worn)
 o - a +4 scale mail of poison resistance (worn)
Jewellery
 m - a ring of flight (left hand)
Wands
 s - a wand of light (8)
Scrolls
 h - 3 scrolls of identify {unknown}
 j - a scroll of blinking {unknown}
 k - 3 scrolls of teleportation {unknown}
 n - a scroll of noise {unknown}
 u - a scroll of enchant armour {unknown}
Potions
 c - 3 potions of ambrosia
 g - 2 potions of lignification {unknown}
 i - a potion of invisibility {unknown}
 l - 3 potions of brilliance {unknown}
 r - a potion of attraction {unknown}
 t - 2 potions of heal wounds {unknown}


   Skills:
 + Level 5.1 Fighting
 * Level 5.3 Maces & Flails
 + Level 4.7 Dodging


You had 4 spell levels left.
You didn't know any spells.
Your spell library was empty.

Dungeon Overview and Level Annotations

Branches:
Dungeon (4/15)
 Temple: D:4-7

Altars:
Trog

Shops:
D:3 (

Annotations:
D:4 Ijyb, Menkaure


Innate Abilities, Weirdness & Mutations

You have a pair of horns on your head.
You reflexively headbutt those who attack you in melee.


Message History

You start resting.
HP restored.
You start waiting.
Done waiting.
There is a stone staircase leading down here.
You fly downwards.
Level annotation: Ijyb, Menkaure The kobold throws a stone.
The stone barely misses you.
Menkaure gestures wildly while chanting.
Menkaure seems to speed up.
There is a stone staircase leading up here.
Menkaure hits you but does no damage. Ijyb barely misses you.
You furiously retaliate!
You headbutt Ijyb. You sock Ijyb!
Ijyb is heavily wounded.
Menkaure hits you!! Ijyb hits you but does no damage.
Menkaure calls on the powers of darkness!
Ijyb convulses!
Your body is wracked with pain!
You are too injured to fight recklessly!
You are too injured to fight recklessly!
You hit Ijyb but do no damage.
Ijyb is severely wounded.
Ijyb zaps a wand.
The roots erupt in riotous growth!
The grasping roots grab you!
Ijyb is unaffected.
Menkaure is unaffected.
The grasping roots constrict you.
* * * LOW HITPOINT WARNING * * *
Menkaure barely misses you. Ijyb hits you but does no damage.
The grasping roots constrict you.
* * * LOW HITPOINT WARNING * * *
The roots grasp on you weakens, but your attempt to escape fails.
Menkaure hits you but does no damage. Ijyb hits you with a +0 club.
* * * LOW HITPOINT WARNING * * *
The grasping roots constrict you.
* * * LOW HITPOINT WARNING * * *
You escape the roots grasp.
There is a stone staircase leading up here.
You can't go down here!
Menkaure giggles, "These cerements are ticklish..."
Menkaure hits you!
You die...

.......
#.#...#
#.#...#
#$#...#
#.#!..#
#.#...#.#
######K......#
#...@Mg...#
#.#####.....#
#.###.# .r. ..
...K . ......
......#
...##..#


You could see Ijyb, Menkaure (fast) and a kobold.

Vanquished Creatures
  A hound (D:4)
  Crazy Yiuf (D:2)
  Terence (D:2)
  4 adders
  3 gnolls (D:3)
  A worm (D:2)
  2 orcs (D:3)
  6 ball pythons
  3 endoplasms (D:1)
  3 giant cockroaches
  4 goblins
  3 hobgoblins
  4 kobolds
  2 quokkas (D:4)
  2 bats (D:1)
  4 frilled lizards
  3 rats
47 creatures vanquished.

Notes
Turn   | Place    | Note
-------+----------+-------------------------------------------
     0 | D:1      | hogiebunz the Minotaur Monk began the quest for the Orb.
     0 | D:1      | Reached XP level 1. HP: 19/19 MP: 0/0
   179 | D:1      | Reached XP level 2. HP: 27/27 MP: 1/1
   543 | D:2      | Reached XP level 3. HP: 33/33 MP: 2/2
   616 | D:2      | Found a bloodstained altar of Trog.
   641 | D:2      | Became a worshipper of Trog the Wrathful
   641 | D:2      | Reached * piety under Trog
   641 | D:2      | Reached ** piety under Trog
  1075 | D:2      | Noticed Terence
  1079 | D:2      | Killed Terence
  1549 | D:2      | Found a runed translucent door.
  1550 | D:2      | Noticed Crazy Yiuf
  1555 | D:2      | Killed Crazy Yiuf
  1556 | D:2      | Reached XP level 4. HP: 41/41 MP: 3/3
  1688 | D:3      | Found a faded altar of an unknown god.
  1964 | D:3      | Reached skill level 5 in Maces & Flails
  1964 | D:3      | Reached XP level 5. HP: 47/47 MP: 4/4
  1991 | D:3      | Found Sihy's Weapon Shoppe.
  1996 | D:3      | Reached skill level 5 in Fighting
  2135 | D:3      | Identified the +6 dagger of the Kissing Gods {venom, *Slow
                  | rF+ Dex+6 SInv}
  2289 | D:4      | Noticed Menkaure
  2299 | D:4      | Noticed Ijyb
  2523 | D:4      | Slain by Menkaure

Illustrated notes

Levels and vault maps discovered:
D:1:      nzn_arrival_settlement, layout_rooms, kennysheep_another_room
D:2:      layout_loops_ring, basic_altar, uniq_terence, uniq_crazy_yiuf_cottage
D:3:      layout_loops_ring, hellmonk_ecumenical_altar_crossroads, serial_shops,
          nicolae_shop_getting_attention, small_statue_intersection,
          grunt_decor_arrowhead
D:4:      layout_loops_cross, uniq_ijyb, uniq_menkaure, uniq_blork_the_orc

Skill      XL: |  1  2  3  4  5 |
---------------+----------------+-----
Maces & Flails | 4 5 |  5.3
Fighting       | 4 5 |  5.1
Dodging        | 4 |  4.7

Action                     |  1- 3 |  4- 6 || total
---------------------------+-------+-------++-------
  Melee: Mace              |    56 |    30 ||    86
         Headbutt          |    12 |     2 ||    14
 Invoke: Berserk           |     1 |     2 ||     3
 Armour: Robe              |     8 |       ||     8
         Scale mail        |       |    27 ||    27
  Dodge: Dodged            |    35 |    33 ||    68
